Cogmind - Beta 11.1 @@@ ROGUE MODE // 2022.04.23 @ 20:05:41 Player: Runia Result: Destroyed by 1C-UTU with 1C-UTU's Sword "Lootmaker" Performance ------------- Evolutions (1) 500 Regions Visited (6) 1200 Robots Destroyed (43) 215 Value Destroyed (715) 715 Prototype IDs (18) 360 Alien Tech Used (0) 0 Bonus (-93) -93 TOTAL SCORE: 2897 Bonus ------- Follower Combat Kills 47 Friendly Fire -140 Cogmind --------- Core Integrity 0/400 Matter 101/300 Energy 200/200 System Corruption 0% Temperature Cool (0) Movement Treading (240) Ox1 Location -8/Mines Parts ------- > --- POWER (1) -------- Cold Fusion Reactor > --- PROPULSION (3) --- Light Treads Light Treads > --- UTILITY (3) ------ High-capacity Storage Unit Experimental Core Analyzer > --- WEAPON (2) ------- 8R-AWN's Boregun 8R-AWN's Boregun > --- INVENTORY (20) --- Light Neutrino Core Advanced Myomer Leg Advanced Myomer Leg Wheel Experimental Heat Sink Huge Storage Unit High-capacity Matter Pod (85) Improved Terrain Scanner Advanced Weapon Cycler Advanced Transmission Jammer 8R-AWN's Armor/EX Hacking Suite System Purifier AS-neutralizer No. 17b Assault Rifle Light Assault Rifle Grenade Launcher Flail Peak State ------------ > --- POWER ------------ Cold Fusion Reactor > --- PROPULSION ------- Light Treads Light Treads Compact Wheel > --- UTILITY ---------- High-capacity Storage Unit Experimental Core Analyzer System Purifier > --- WEAPON ----------- 8R-AWN's Boregun 8R-AWN's Boregun > --- INVENTORY -------- Light Neutrino Core Advanced Myomer Leg Advanced Myomer Leg Wheel Experimental Heat Sink Huge Storage Unit High-capacity Matter Pod Improved Terrain Scanner Experimental Targeting Computer Advanced Weapon Cycler Advanced Transmission Jammer 8R-AWN's Armor/EX Hacking Suite AS-neutralizer No. 17b Assault Rifle Light Assault Rifle Grenade Launcher Flail [Rating: 59] Favorites ----------- Power Ion Engine Engine Ion Engine Reactor Cold Fusion Reactor Propulsion Light Treads Treads Light Treads Leg Aluminum Leg Wheel Wheel Utility High-capacity Storage Unit Device Structural Scanner Storage High-capacity Storage Unit Processor Improved Targeting Computer Protection Utility Shielding Weapon Light Assault Rifle Energy Gun Medium Laser Ballistic Gun Light Assault Rifle Launcher Grenade Launcher Impact Weapon Flail Build | -11 -10 -10 -9 -9 -9 -8 ------- Run | Scr Mat Min Mat Min Exi Min Slots Evolved 2 | . . . 2 . . . Power . | . . . . . . . Propulsion 1 | . . . 1 . . . Utility 1 | . . . 1 . . . Weapon . | . . . . . . . Parts Attached 75 | 2 12 7 8 19 24 3 Power 5 | . 2 . 1 1 1 . Engine 4 | . 2 . 1 1 . . Core . | . . . . . . . Reactor 1 | . . . . . 1 . Propulsion 20 | 2 3 2 1 8 4 . Treads 10 | 2 1 1 1 3 2 . Leg . | . . . . . . . Wheel 10 | . 2 1 . 5 2 . Hover . | . . . . . . . Flight . | . . . . . . . Utility 20 | . 2 3 2 2 10 1 Device 11 | . . 2 1 . 8 . Storage 3 | . 2 1 . . . . Processor 3 | . . . . 1 2 . Hackware . | . . . . . . . Protection 3 | . . . 1 1 . 1 Artifact . | . . . . . . . Weapon 30 | . 5 2 4 8 9 2 Energy Gun 7 | . 4 1 2 . . . Energy Cannon . | . . . . . . . Ballistic Gun 9 | . . . 1 1 6 1 Ballistic Cannon . | . . . . . . . Launcher 10 | . 1 1 . 4 3 1 Special Weapon . | . . . . . . . Impact Weapon 4 | . . . 1 3 . . Slashing Weapon . | . . . . . . . Piercing Weapon . | . . . . . . . Special Melee Weapon . | . . . . . . . Unidentified Prototypes 9 | . . 1 . . 8 . Parts Lost 14 | . 5 . . 6 1 2 Power 2 | . 1 . . 1 . . Propulsion 4 | . 2 . . 1 . 1 Utility 3 | . . . . 2 . 1 Weapon 5 | . 2 . . 2 1 . Highest Loss Streak 5 | . 3 . . 5 1 1 To Critical Strikes 1 | . . . . . 1 . Average Slot Usage (%) 93 | . 84 99 100 87 99 92 Engine 10 | . 13 14 11 10 8 . Reactor 1 | . . . . . 2 11 Treads 20 | . 18 14 22 21 22 22 Wheel 10 | . 9 14 11 10 11 11 Device 6 | . . 12 11 . 10 . Storage 12 | . 14 15 13 11 11 11 Processor 3 | . . . . 1 7 11 Protection 3 | . . . 8 9 3 4 Energy Gun 7 | . 16 27 13 . . . Ballistic Gun 13 | . 11 . 2 15 20 19 Launcher 1 | . . . . 5 . 2 Naked Turns . | . . . . . . . Heaviest Build 68 | 11 49 53 55 50 68 68 Greatest Support 40 | 40 40 16 10 40 40 40 Greatest Overweight (x) 5 | 3 3 5 5 4 1 1 Average Overweight (x) 2 | 1 1 4 5 3 1 1 Largest Inventory Capacity 20 | 8 20 20 20 20 20 20 Average Capacity 19 | 8 17 20 20 20 20 20 Most Carried 20 | 6 20 20 20 18 20 20 Average Carried 16 | 4 12 19 18 14 18 20 Final Capacity 20 | 8 20 20 20 20 20 20 Final Carried 20 | 4 20 20 18 16 20 20 Class Distribution -------------------- 100% | Mutant Dominant Class ---------------- Mutant | -10/Materials Mutant | -10/Mines Mutant | -9/Materials Mutant | -9/Mines Mutant | -9/Exiles Mutant | -8/Mines Resources | -11 -10 -10 -9 -9 -9 -8 ----------- Run | Scr Mat Min Mat Min Exi Min Matter Collected 2002 | 200 188 59 139 532 842 42 Remotely . | . . . . . . . Salvage Created 1474 | . 550 65 37 255 553 14 Parts 105 | . 33 9 2 15 44 2 Haulers Intercepted 2 | . 1 . 1 . . . Recyclers Shooed . | . . . . . . . Parts Field Recycled . | . . . . . . . Retrieved Matter . | . . . . . . . Parts Self-Destructed . | . . . . . . . Prevented . | . . . . . . . Kills | -11 -10 -10 -9 -9 -9 -8 ------- Run | Scr Mat Min Mat Min Exi Min Combat Hostiles Destroyed 35 | . 12 3 . 12 6 2 Melee 1 | . . . . 1 . . Guns 15 | . 10 1 . 3 1 . AOE 19 | . 2 2 . 8 5 2 Classes Destroyed 14 | . 6 1 . 4 3 . Worker 3 | . 1 1 . 1 . . Builder 1 | . . . . 1 . . Tunneler 1 | . . 1 . . . . Hauler 2 | . 1 . 1 . . . Recycler 2 | . . . . 2 . . Operator 1 | . 1 . . . . . Drone 1 | . . . . . 1 . Turret 1 | . . . . . 1 . Watcher 1 | . 1 . . . . . Swarmer 11 | . 3 3 . 3 . 2 Grunt 10 | . 9 . . 1 . . Duelist 1 | . . . . 1 . . Zionite 8 | . . . . . 8 . Assembled 12 | . . . . 7 5 . Best Kill Streak 7 | . 5 3 1 5 7 2 Combat Bots Only 5 | . 5 3 . 3 4 2 Max Kills in Single Turn 2 | . 1 1 1 2 2 2 Gunslinging . | . . . . . . . Exploded 2 | . 1 1 . 2 2 2 Melee 1 | . . . . 1 . . Uniques/NPCs Destroyed 4 | . . . . . 4 . 8R-AWN (-9/Exiles) EX-HEX (-9/Exiles) EX-BIN (-9/Exiles) EX-DEC (-9/Exiles) Combat | -11 -10 -10 -9 -9 -9 -8 -------- Run | Scr Mat Min Mat Min Exi Min Damage Taken 2649 | . 640 79 14 1131 362 423 Core 514 | . 102 . . 173 130 109 Absorbed by Shields . | . . . . . . . Redirected to Shielding 15 | . . . . 12 3 . Core Remaining (%) 79 | 100 . 59 . . . . Volleys Fired 177 | . 55 6 1 33 75 7 Largest 2 | . 2 2 2 2 2 2 Hottest 100 | . 100 100 100 40 60 60 Shots Fired 290 | . 106 10 2 47 112 13 Gun 247 | . 104 8 2 30 91 12 Cannon . | . . . . . . . Launcher 43 | . 2 2 . 17 21 1 Special . | . . . . . . . Kinetic 174 | . 41 . . 30 91 12 Thermal 58 | . 48 8 2 . . . Explosive 43 | . 2 2 . 17 21 1 Electromagnetic 15 | . 15 . . . . . Robot Hit Streak 15 | . 11 5 . 15 9 5 Robot Miss Streak 6 | . 3 1 . 6 4 3 Penetration Max 1 | . . . . . 1 . Secondary Targets 3 | . 1 . . 1 1 . Max Gunslinging Chain 1 | . 1 . . 1 1 . Shots Hit Robots 169 | . 74 5 2 35 47 6 Core Hits 110 | . 34 7 . 28 37 4 Critical Kills 7 | . . . . . 7 . Critical Parts Destroyed 14 | . . . . 3 9 2 Critical Strikes 32 | . 2 . . 3 24 3 Burn 2 | . 2 . . . . . Destroy 27 | . . . . . 24 3 Smash 3 | . . . . 3 . . Melee Attacks 15 | . . . 4 11 . . Impact 15 | . . . 4 11 . . Slashing . | . . . . . . . Piercing . | . . . . . . . Sneak Attacks 2 | . . . 1 1 . . Combat Hostiles . | . . . . . . . Follow-up Attacks . | . . . . . . . Damage Inflicted 4517 | . 936 215 102 1502 1583 179 Guns 2029 | . 788 52 12 151 940 86 Cannons . | . . . . . . . Explosions 2056 | . 148 163 . 1009 643 93 Melee 432 | . . . 90 342 . . Ramming . | . . . . . . . Kinetic 1450 | . 273 . . 151 940 86 Thermal 451 | . 387 52 12 . . . Explosive 2056 | . 148 163 . 1009 643 93 Electromagnetic 128 | . 128 . . . . . Impact 432 | . . . 90 342 . . Slashing . | . . . . . . . Piercing . | . . . . . . . Highest Corruption . | . . . . . . . Average Corruption . | . . . . . . . Corruption Purged . | . . . . . . . Corruption Blocked . | . . . . . . . Overload Shots . | . . . . . . . Overflow Damage 263 | . . 10 9 223 10 11 Projectiles . | . . . . . . . Explosions 56 | . . 10 . 25 10 11 Melee 207 | . . . 9 198 . . Knockbacks 1 | . . . . 1 . . Impact 1 | . . . . 1 . . Kinetic . | . . . . . . . Secondary . | . . . . . . . Self-Inflicted Damage 410 | . 18 37 . 291 38 26 Shots 13 | . 1 1 . 9 1 1 Rammed . | . . . . . . . Targets Rammed . | . . . . . . . Kicked . | . . . . . . . Crushed . | . . . . . . . Highest Temperature 153 | . 153 39 30 17 66 12 Average Temperature 39 | . 45 24 16 13 28 8 Received Heat Transfer 431 | . 282 . 9 120 20 . Siege Activations . | . . . . . . . Robots Corrupted . | . . . . . . . Combat Hostiles . | . . . . . . . Parts Fried 1 | . . . 1 . . . Impact Corruptions 8 | . . . 1 7 . . Robots Melted . | . . . . . . . Combat Hostiles . | . . . . . . . Parts Melted 1 | . 1 . . . . . Heat Transferred 1480 | . 1295 148 37 . . . Parts Sabotaged . | . . . . . . . Parts Stolen . | . . . . . . . Parts Stripped . | . . . . . . . Power Chain Reactions . | . . . . . . . Missiles Intercepted . | . . . . . . . Alert | -11 -10 -10 -9 -9 -9 -8 ------- Run | Scr Mat Min Mat Min Exi Min Peak Influence 382 | . 258 179 143 382 . 64 Initial 51 | . . 51 . 50 . . Average 147 | . 120 130 88 218 . 55 Maximum Alert Level 1 | . 1 . . 1 . . Low Security (%) 64 | 100 73 100 100 17 . 100 Level 1 35 | . 26 . . 82 . . Level 2 . | . . . . . . . Level 3 . | . . . . . . . Level 4 . | . . . . . . . Level 5 . | . . . . . . . High Security . | . . . . . . . Max Security . | . . . . . . . Squads Dispatched 4 | . 3 . 1 . . . Investigation 1 | . 1 . . . . . Extermination . | . . . . . . . Reinforcement 3 | . 2 . 1 . . . Assault . | . . . . . . . Garrison . | . . . . . . . Intercept . | . . . . . . . Searches Triggered . | . . . . . . . Construction Impeded . | . . . . . . . Haulers Reinforced . | . . . . . . . Active Scanning Responses . | . . . . . . . Cargo Convoy Interrupts . | . . . . . . . Stealth | -11 -10 -10 -9 -9 -9 -8 --------- Run | Scr Mat Min Mat Min Exi Min Distress Signals 2 | . 2 . . . . . Communications Jammed . | . . . . . . . Distress Signals . | . . . . . . . Times Spotted 82 | . 24 3 3 13 35 4 Peak Tracking Total 11 | . 6 3 1 3 11 4 Tactical Retreats 8 | . 1 . . 1 5 1 Traps | -11 -10 -10 -9 -9 -9 -8 ------- Run | Scr Mat Min Mat Min Exi Min Traps Triggered 2 | . 2 . . . . . Indirectly . | . . . . . . . Trap Hack Attempts . | . . . . . . . Triggered . | . . . . . . . Disarmed . | . . . . . . . Reprogrammed . | . . . . . . . Reused . | . . . . . . . Traps Extracted . | . . . . . . . Installed . | . . . . . . . Triggered . | . . . . . . . Exploded 3 | . . . . . 3 . Machines | -11 -10 -10 -9 -9 -9 -8 ---------- Run | Scr Mat Min Mat Min Exi Min Machines Disabled 19 | . 1 1 2 2 13 . Max in Single Turn 2 | . 1 1 1 2 2 . Machines Sabotaged . | . . . . . . . Garrisons Compromised . | . . . . . . . Overloaded Fab Kills . | . . . . . . . Hacking | -11 -10 -10 -9 -9 -9 -8 --------- Run | Scr Mat Min Mat Min Exi Min Machines Accessed 10 | . 3 1 5 . 1 . Terminals 8 | . 3 . 5 . . . Fabricators . | . . . . . . . Repair Stations . | . . . . . . . Recycling Units . | . . . . . . . Scanalyzers . | . . . . . . . Garrison Access . | . . . . . . . Total Hacks 24 | . 8 1 14 . 1 . Successful 12 | . 3 1 7 . 1 . Failed 12 | . 5 . 7 . . . Catastrophic . | . . . . . . . Database Lockouts . | . . . . . . . Manual 3 | . . . 3 . . . Terminals 22 | . 8 . 14 . . . Fabricators . | . . . . . . . Repair Stations . | . . . . . . . Recycling Units . | . . . . . . . Scanalyzers . | . . . . . . . Garrison Access . | . . . . . . . Terminal Hacks 12 | . 3 1 7 . 1 . Record 1 | . . . . . 1 . Prototype ID Bank 5 | . 1 . 4 . . . Open Door 1 | . . 1 . . . . Terminal Index 1 | . . . 1 . . . Scanalyzer Index 1 | . . . 1 . . . Locate Traps 2 | . 1 . 1 . . . Hauler Manifests 1 | . 1 . . . . . Fabricator Hacks . | . . . . . . . Repair Station Hacks . | . . . . . . . Recycling Unit Hacks . | . . . . . . . Scanalyzer . | . . . . . . . Garrison Access Hacks . | . . . . . . . Unauthorized Hacks . | . . . . . . . Terminals . | . . . . . . . Fabricators . | . . . . . . . Repair Stations . | . . . . . . . Recycling Units . | . . . . . . . Scanalyzers . | . . . . . . . Garrison Access . | . . . . . . . Data Cores Recovered . | . . . . . . . Used . | . . . . . . . Hacking Detections 8 | . 3 . 5 . . . Full Trace Events . | . . . . . . . Feedback Events . | . . . . . . . Feedback Blocked . | . . . . . . . Robot Schematics Acquired . | . . . . . . . Robots Built . | . . . . . . . Authchips . | . . . . . . . Time . | . . . . . . . Total Robot Build Rating . | . . . . . . . Part Schematics Acquired . | . . . . . . . Parts Built . | . . . . . . . Authchips . | . . . . . . . Time . | . . . . . . . Total Part Build Rating . | . . . . . . . Parts Repaired . | . . . . . . . Time . | . . . . . . . Parts Recycled . | . . . . . . . Recycled Matter . | . . . . . . . Retrieved Matter . | . . . . . . . Retrieved Components . | . . . . . . . Parts Scanalyzed . | . . . . . . . Part Schematics Acquired . | . . . . . . . Parts Damaged . | . . . . . . . Bothacking | -11 -10 -10 -9 -9 -9 -8 ------------ Run | Scr Mat Min Mat Min Exi Min Used RIF Installer . | . . . . . . . Robots Hacked . | . . . . . . . Non-combat . | . . . . . . . Combat . | . . . . . . . Robot Hacks Applied . | . . . . . . . Relay Couplers Released . | . . . . . . . Fabnet Peak Effective % . | . . . . . . . Robots Rewired . | . . . . . . . Allies Hacked . | . . . . . . . Hacks Repelled . | . . . . . . . Allies | -11 -10 -10 -9 -9 -9 -8 -------- Run | Scr Mat Min Mat Min Exi Min Total Allies 3 | . . 2 . 1 . . Largest Group 2 | . . 2 2 1 1 . Highest-Rated Group 45 | . . 45 45 31 31 . Highest-Rated Ally 31 | . . 31 31 31 31 . Total Orders 2 | . . . . . 2 . RETURN 2 | . . . . . 2 . Ally Attacks 99 | . . . 6 . 93 . Total Damage 688 | . . . 86 . 602 . Kills 5 | . . . 3 . 2 . Allies Corrupted . | . . . . . . . Allies Melted . | . . . . . . . Intel | -11 -10 -10 -9 -9 -9 -8 ------- Run | Scr Mat Min Mat Min Exi Min Robot Analysis Total . | . . . . . . . Derelict Logs Recovered 2 | . . 2 . . . . Drone Launches 15 | . . . . . 15 . Drone Recoveries 12 | . . . . . 12 . Exploration | -11 -10 -10 -9 -9 -9 -8 ------------- Run | Scr Mat Min Mat Min Exi Min Turns Passed 3918 | 9 911 411 259 747 1529 52 Spaces Moved 1746 | 3 469 270 150 381 461 12 Core 1 | 1 . . . . . . Treads 722 | 2 170 . . 77 461 12 Legs . | . . . . . . . Wheels 1023 | . 299 270 150 304 . . Hover . | . . . . . . . Flight . | . . . . . . . Fastest Speed 130 | 160 130 140 155 140 240 240 Average Speed 175 | 173 149 141 155 160 240 240 Slowest Speed 240 | 200 240 155 155 240 240 240 Overloaded Moves . | . . . . . . . Propulsion Burnouts . | . . . . . . . Robots Hopped . | . . . . . . . Cave-ins Triggered . | . . . . . . . Exploration Rate (%) 48 | 2 75 77 20 87 75 6 Regions Visited 6 Branch Regions 4 Pre-discovered Areas 3 | . . 2 . . 1 . Known Exits Taken . | . . . . . . . Unknown Exits Taken 6 | 1 1 1 1 1 1 . Scrap Searched 4 | . . 1 . 1 . 2 Spaces Dug 7 | . . . 1 . 6 . Terrain Destroyed 211 | . 14 11 1 115 53 17 Melee 1 | . . . 1 . . . Projectile 31 | . . . . . 23 8 AOE 179 | . 14 11 . 115 30 9 Terrain Rammed . | . . . . . . . Walls Destroyed . | . . . . . . . Machines Disabled . | . . . . . . . Actions | -11 -10 -10 -9 -9 -9 -8 --------- Run | Scr Mat Min Mat Min Exi Min Total 2306 | 8 578 288 168 456 786 22 Wait 223 | . 19 . . 7 197 . Move 1740 | 2 468 269 149 380 460 12 Hop . | . . . . . . . Pick Up 40 | 1 21 3 1 4 10 . Fast Attach 14 | . 2 1 2 4 4 1 Attach 18 | 2 5 1 2 6 2 . Detach 3 | . . . 1 . 2 . Swap 43 | . 5 5 4 9 18 2 Drop 33 | 3 3 3 4 2 18 . Fire 177 | . 55 6 1 33 75 7 Melee 15 | . . . 4 11 . . Ram . | . . . . . . . Kick . | . . . . . . . Crush . | . . . . . . . Escape Stasis . | . . . . . . . Rewire . | . . . . . . . Trap . | . . . . . . . Miscellaneous . | . . . . . . . Route ------- -11/Scrapyard -10/Materials (discovered 4 exits: *Mat x3 / *Min) -10/Mines (discovered 2 exits: *Mat x2) -9/Materials -9/Mines (discovered 3 exits: [*Mat x2] / *Exi) -9/Exiles -8/Mines History --------- Turn | Location | Event 3 | -11/Scrapyard | Discovered new exit (range 3) 10 | -11/Scrapyard | Entered Materials 146 | -10/Materials | Discovered new exit (range 10) 243 | -10/Materials | Discovered new exit (range 14) 354 | -10/Materials | Build established: Mutant 397 | -10/Materials | Discovered new exit (range 4) 509 | -10/Materials | Lost 3 parts (1p1n1w) 756 | -10/Materials | Discovered new exit (range 16) 921 | -10/Materials | Entered Mines 1012 | -10/Mines | Learned location of Zion (-7) 1035 | -10/Mines | Learned location of Storage (-8) 1271 | -10/Mines | Discovered new exit (range 13) 1280 | -10/Mines | Discovered new exit (range 12) 1290 | -10/Mines | Found the Drone Emporium 1299 | -10/Mines | Found Prototype Device 1299 | -10/Mines | Identified Thief Drone Bay 1332 | -10/Mines | Entered Materials 1332 | -9/Materials | Accompanied by 2 allies 1332 | -9/Materials | Evolved 2 slots: Propulsion x1, Utility x1 1337 | -9/Materials | Led the pair of lost Derelicts to an unsafe place 1544 | -9/Materials | Discovered new exit (range 7) 1591 | -9/Materials | Entered Mines 1592 | -9/Mines | Assembled infested the area 1647 | -9/Mines | Lost 5 parts (1p1n2u1w) 1739 | -9/Mines | Discovered new exit (range 10) 1857 | -9/Mines | Discovered new exit (range 5) 2294 | -9/Mines | Escorted by a lone wolf Derelict 2329 | -9/Mines | Deemed a non-threat by the Exiles lab entrance 2329 | -9/Mines | Discovered new exit (range 5) 2338 | -9/Mines | Entered Exiles 2338 | -9/Exiles | Accompanied by 1 ally 2398 | -9/Exiles | Met 8R-AWN 2483 | -9/Exiles | Met EX-HEX 2609 | -9/Exiles | Met EX-DEC 2739 | -9/Exiles | Attacked by the Exiles 2772 | -9/Exiles | Core integrity fell below 50% 3108 | -9/Exiles | Found AS-neutralizer No. 17b 3144 | -9/Exiles | Found 8R-AWN's Boregun 3145 | -9/Exiles | Found 8R-AWN's Boregun 3189 | -9/Exiles | Destroyed 8R-AWN 3495 | -9/Exiles | Allies destroyed EX-HEX 3506 | -9/Exiles | Allies destroyed EX-BIN 3542 | -9/Exiles | Destroyed EX-DEC 3552 | -9/Exiles | Found Prototype Device 3552 | -9/Exiles | Identified System Purifier 3578 | -9/Exiles | Found Prototype Processor 3578 | -9/Exiles | Identified Exp. Core Analyzer 3743 | -9/Exiles | Found Prototype Processor 3752 | -9/Exiles | Found Prototype Protection 3837 | -9/Exiles | Discovered new exit (range 12) 3859 | -9/Exiles | Identified Exp. Targeting Computer 3867 | -9/Exiles | Entered Mines 3870 | -8/Mines | Core integrity fell below 20% 3910 | -8/Mines | 1C-UTU came to Exiles' defense 3919 | -8/Mines | Destroyed by 1C-UTU with 1C-UTU's Sword "Lootmaker" Last Messages --------------- 03893_ Found Lgt. Nuclear Core. 03893_ Found 20 Matter. 03894_ Acquired 20 matter. 03898_ Acquired Reflective Plating. 03910_ 1C-UTU: "I came as fast as I could... Wait, it was you!" 03910_ 1C-UTU sneak attacks. 03910_ U-05 Engineer destroyed. 03912_ HV Slug penetrates Wall. 03914_ Com. Wheel destroyed. 03915_ T-07 Excavator is excavating. 03915_ HV Slug penetrates Earth. 03915_ HV Slug penetrates 1C-UTU. 03915_ 1C-UTU suffers critical hit (Destroy). 03915_ Destroyed Prototype Slashing Weapon. 03915_ HV Slug penetrates Wall. 03915_ Reflective Plating severed. 03918_ HV Slug penetrates 1C-UTU. 03918_ 1C-UTU suffers critical hit (Destroy). 03918_ HV Slug penetrates Earth. 03919_ T-07 Excavator is excavating. Map ----- +----------------------------------------------------+ | | | | | | | | | | | | | | | | | | | | | | | | | | | | | ??????????????????????????????????? | | ??????????????????????????????????? | | ??????????????????????????????????? | | ??????????????????????????????????? | | ??????????????????????????????????? | | ??????????????????????????????????? | | ????????????????????##????????????? | | ?????????????????#### #####???????? | | ???????????# t ### ##??????? | | ????????????? #??????? | | ?????????????????## = ####???? | | ????????????????# ; %% l@!!* #???? | | ?????????????????### #=! #### #???? | | ???????????????????###%* #??#*#???? | | ???????????????????? != ??# #???? | | ??????????????????# ## ??# #???? | | ??????????????????#??## ##?# #???? | | ??????????????????????# #??# #???? | | ??????????????????????# #??# #???? | | ??????????????????????# #??# #???? | | ??????????????????????# #??# #???? | | ??????????????????????# #??? ????? | | ?????????????????????? #??? ????? | | ??????????????????????# ???? ????? | | ??????????????????????? ???? ????? | | ??????????????????????? ???? ????? | | ??????????????????????? ???? ????? | | ????????????????????????????? ????? | | ??????????????????????????????????? | | ??????????????????????????????????? | | ??????????????????????????????????? | | ??????????????????????????????????? | | ??????????????????????????????????? | | ??????????????????????????????????? | | ??????????????????????????????????? | | ??????????????????????????????????? | +----------------------------------------------------+ Best States ------------- Heat Dissipation 28 Energy Generation 17 Energy Capacity 265 Matter Stores 300 Matter Capacity 500 Sight Range 16 Terrain Scan Density 10 Jamming Range 16 Armor Coverage 150 Resistance: TH 10 Utility Shielding 33 Weapon Cycling 25 Evasion (%) 40 Targeting Accuracy 12 Core Analysis 8 Recoil Reduction 2 Item Schematics ----------------- None Robot Schematics ------------------ None Fabricated ------------ Nothing Alien Tech Used ----------------- None Achievements -------------- None Challenges ------------ None Game ------ Seed NuclearHelicalPod Manual? 0 Play Time 00:23:04 Cumulative 596.4 hours Start 2022.04.23 @ 19:42:24 End 2022.04.23 @ 20:05:41 Sessions 1 Manual Loads 0 Difficulty Rogue Special Mode None Game No. 567 Rogue 567 Adventurer 0 Explorer 0 Win Type - Total 21 Types 10/3/4/1/1/0/1/1/0 Lore% 88 Gallery% 94 Achievement% 77 Wizard Run 0 Options --------- ASCII 0 Keyboard 0 Movement Mouse Keybinds 1 Fullscreen 2 Font 24/Smallcaps Map View 76x50 Tactical HUD 1 Map Filters NONE Filters NONE Steam 1 RUN: de49031a-153f-4ee8-8bba-2b7f1eca2ab5